 Dungeon Crawl Stone Soup version 0.29-a0-364-g921d912d32 (webtiles) character file.

Game seed: 15307623033534654887

89 holysushi the Cutter (level 4, -1/29 HPs)
             Began as a Kobold Monk on Apr 30, 2022.
             Frozen to death by an endoplasm (3 damage)
             ... on level 3 of the Dungeon.
             The game lasted 00:05:23 (2498 turns).

holysushi the Cutter (Kobold Monk)                  Turns: 2498, Time: 00:05:24

Health: -1/29      AC:  7    Str: 10    XL:     4   Next: 84%
Magic:  4/4        EV: 16    Int: 11    God:
Gold:   211        SH:  0    Dex: 21    Spells: 3/3 levels left

rFire   . . .      SeeInvis .   a - +0 short sword
rCold   . . .      Faith    .   (no shield)
rNeg    . . .      Spirit   .   m - +3 leather armour
rPois   .          Reflect  .   (no helmet)
rElec   .          Harm     .   (no cloak)
rCorr   .          Rampage  .   (no gloves)
Will    .....                   f - +0 pair of boots
Stlth   +++.......              (no amulet)
HPRegen 0.09/turn               (no ring)
MPRegen 0.09/turn               (no ring)

@: no status effects
A: small, no large weapons, nightstalker 3, agile 1, strong 1
a: no special abilities


You were on level 3 of the Dungeon.
You visited 1 branch of the dungeon, and saw 4 of its levels.

You collected 211 gold pieces.

Inventory:

Hand Weapons
 a - a +0 short sword (weapon)
 u - a +0 dagger of holy wrath
Armour
 b - a +0 robe
 f - a +0 pair of boots (worn)
 g - a +1 leather armour of poison resistance
 m - a +3 leather armour (worn)
Wands
 i - a wand of iceblast (21)
 v - a wand of flame (26)
Scrolls
 d - a scroll of immolation {unknown}
 e - 5 scrolls of teleportation {unknown}
 h - a scroll of blinking
 j - 2 scrolls of identify
 n - a scroll of holy word {unknown}
 o - a scroll of vulnerability {unknown}
 s - a scroll of amnesia {unknown}
Potions
 c - a potion of ambrosia
 q - a potion of lignification {unknown}
 r - a potion of mutation
 t - a potion of brilliance {unknown}


   Skills:
 + Level 4.1 Fighting
 * Level 6.0 Short Blades
 - Level 3.6 Dodging
 + Level 2.9 Stealth
 + Level 0.2 Evocations


You had 3 spell levels left.
You didn't know any spells.
Your spell library contained the following spells:

 Spells                   Type           Power      Damage    Failure   Level
 Magic Dart               Conj           0%         1d3       43%         1
 Sting                    Tmut/Pois      0%         1d3       43%         1
 Searing Ray              Conj           0%         2d4       58%         2
 Mephitic Cloud           Conj/Pois/Air  0%         N/A       82%         3
 Ozocubu's Armour         Ice            0%         N/A       82%         3
 Dispel Undead            Necr           0%         3d6       99%         4
 Fulminant Prism          Conj/Hex       0%         3d6       99%         4
 Summon Lightning Spire   Summ/Air       0%         N/A       99%         4
 Borgnjor's Vile Clutch   Necr/Erth      0%         N/A       100%        5
 Ozocubu's Refrigeration  Ice            0%         4d5       100%        7
 Infestation              Necr           0%         N/A       100%        8
 Maxwell's Capacitive Co  Air            0%         ∞         100%        8


Dungeon Overview and Level Annotations

Branches:
Dungeon (4/15)
 Temple: D:4-7

Altars:


Innate Abilities, Weirdness & Mutations

You are small and have problems with some larger weapons.
You are completely attuned to the shadows.
You are agile. (Dex +2)
Your muscles are strong. (Str +2)


Message History

There is a stone staircase leading up here.
The gnoll attacks as you move away! The gnoll barely misses you.
The endoplasm freezes you.
You are frozen.
The endoplasm attacks as you move away! The endoplasm barely misses you.
Found a kite shield.
The endoplasm attacks as you move away! The endoplasm misses you.
The gnoll closely misses you.
There is a stone staircase leading up here.
The gnoll barely misses you.
The endoplasm hits you but does no damage.
You climb upwards.
There is a stone staircase leading down here.
Aiming: Charm
Press: ? - help, Shift-Dir - straight line, f - endoplasm
Aim: an endoplasm (chance to affect: 66%)
The endoplasm struggles to resist.
The gnoll hits you with a +0 whip. The endoplasm freezes you.
You are frozen.
Aiming: Charm
Press: ? - help, Shift-Dir - straight line, f/p - endoplasm
Aim: an endoplasm (chance to affect: 66%)
The endoplasm struggles to resist.
The gnoll barely misses you. The endoplasm freezes you.
You are frozen.
Aiming: Charm
Press: ? - help, Shift-Dir - straight line, f/p - endoplasm
Aim: an endoplasm (chance to affect: 66%)
The endoplasm struggles to resist.
The now-empty wand crumbles to dust.
The gnoll hits you with a +0 whip!
* * * LOW HITPOINT WARNING * * *
The endoplasm hits you but does no damage.
As you read the scroll labelled BIQIME QIXA, it crumbles to dust.
It is a scroll of identify.
h - a scroll of blinking The gnoll hits you with a +0 whip.
* * * LOW HITPOINT WARNING * * *
The endoplasm freezes you.
You are frozen.
You die...

.# ###.######## .#
#..........#
##########.#.######.#
...............# #.#
##########.#.#.####.#
#(#.....##.# ####
#.###.#.##.# ...##
#.....#J##.# #...####
#######@##.########
#.#....#
###g##.....)..#
#...##.#
#.......#####.#
######.# ####...<...#
#.# #.# #..........#
#.# #.# #.##.....#.#
#.#
#.####.##.....#.#####.#
#.............#.......#
######......>.##.#.####


You could see a gnoll and an endoplasm.

Vanquished Creatures
  A gnoll (D:4)
  2 adders (D:2)
  2 worms
  A dart slug (D:1)
  An endoplasm (D:2)
  2 giant cockroaches
  8 hobgoblins
  2 quokkas
  9 ball pythons
  2 bats
  2 frilled lizards (D:2)
  9 goblins
  6 kobolds
  8 rats
55 creatures vanquished.

Notes
Turn   | Place    | Note
-------+----------+-------------------------------------------
     0 | D:1      | holysushi the Kobold Monk began the quest for the Orb.
     0 | D:1      | Reached XP level 1. HP: 14/14 MP: 1/1
   140 | D:1      | Reached XP level 2. HP: 19/19 MP: 2/2
   653 | D:1      | Got Sif Muna's Reference Book on Intoxication and Evil
   754 | D:1      | Reached XP level 3. HP: 24/24 MP: 3/3
   779 | D:1      | Reached skill level 5 in Short Blades
  1266 | D:2      | Reached XP level 4. HP: 29/29 MP: 4/4
  1811 | D:3      | Got the Guide on the Birds and Unholy Secrets
  2065 | D:3      | Identified the +3 falchion "Akumoeto" {drain, Str+3}
  2262 | D:4      | Gained mutation: Your muscles are strong. (Str +2) [potion
                  | of mutation]
  2262 | D:4      | Gained mutation: You are agile. (Dex +2) [potion of
                  | mutation]
  2476 | D:4      | Reached skill level 6 in Short Blades
  2498 | D:3      | Frozen to death by an endoplasm

Illustrated notes

Levels and vault maps discovered:
D:1:      heliophobic_arrival_battle_scene, layout_loops_ring,
          minmay_pentomino_r2
D:2:      layout_rooms, minmay_goblin_kobold_house
D:3:      layout_loops_ring
D:4:      layout_cave_pools, nicolae_dithmenos_through_a_glass_darkly,
          minmay_temple_entry_from_below_a, nicolae_stop_n_shop_1

Skill      XL: |  1  2  3  4 |
---------------+-------------+-----
Short Blades   | 5 6 |  6.0
Fighting       | 4 |  4.1
Dodging        | |  3.6
Stealth        | |  2.9
Evocations     | |  0.2

Action                   |  1- 3 |  4- 6 || total
-------------------------+-------+-------++-------
Melee: Short sword       |    69 |    76 ||   145
       Punch             |     1 |       ||     1
Evoke: Wand              |       |     3 ||     3
  Use: Potion            |       |     4 ||     4
       Scroll            |       |     1 ||     1
 Stab: Sleeping          |    17 |     6 ||    23
Armor: Leather armour    |    14 |    20 ||    34
       Robe              |     1 |       ||     1
Dodge: Dodged            |    31 |    74 ||   105

Table legend: (Time is in decaauts)
 A = Elapsed time spent in this place.
 B = Non-inter-level travel time spent in this place.
 C = Inter-level travel time spent in this place.
 D = Time resting spent in this place.
 E = Time spent auto-exploring this place.
 F = Levels seen in this place.
 G = Mean time per level.
                   A        B        C        D        E       F      G
               +--------+--------+--------+--------+--------+-----+--------+
         Total |   2474 |   2411 |     63 |    204 |   1711 |   4 |  618.5 |
       Dungeon |   2474 |   2411 |     63 |    204 |   1711 |   4 |  618.5 |
               +--------+--------+--------+--------+--------+-----+--------+

Top non-repeatable levels by time:
     D:1: 865 daAuts
     D:3: 837 daAuts
     D:2: 670 daAuts
     D:4: 101 daAuts
